 Dungeon Crawl Stone Soup version 0.26.1-11-gd32895ea62 (webtiles) character file.

Game seed: 12209982852865000863

1718 Descartes the Ruffian (level 8, -3/80 HPs)
             Began as a Troll Chaos Knight on June 13, 2021.
             Was a Plaything of Xom.
             Killed from afar by an ice dragon (27 damage)
             ... with a blast of cold
             ... on level 6 of the Dungeon.
             The game lasted 00:09:55 (4480 turns).

Descartes the Ruffian (Troll Chaos Knight)          Turns: 4480, Time: 00:09:57

Health: -3/80      AC:  9    Str: 21    XL:     8   Next: 75%
Magic:  7/7        EV: 13    Int:  9    God:    Xom [..*...]
Gold:   322        SH:  0    Dex: 16    Spells: 7/7 levels left

rFire    . . .     SeeInvis .     - Unarmed
rCold    . . .     Faith    .   (no shield)
rNeg     . . .     Spirit   .   a - +2 robe
rPois    .         Reflect  .   (helmet restricted)
rElec    .         Harm     .   (no cloak)
rCorr    .         Rampage  .   (gloves unavailable)
Will     .....                  (boots unavailable)
Stlth    +.........             (no amulet)
HPRegen  0.63/turn              o - +6 ring of dexterity
MPRegen  0.10/turn              (no ring)

@: no status effects
A: large, unfitting armour, claws 3, regeneration 1, shaggy fur 2, tough skin 3
a: Renounce Religion


You were on level 6 of the Dungeon.
You worshipped Xom.
You were a toy of Xom.
You visited 1 branch of the dungeon, and saw 6 of its levels.

You collected 322 gold pieces.

Inventory:

Hand Weapons
 C - a +1 dagger of venom
Missiles
 f - 209 stones (quivered)
 t - 7 javelins
 x - 10 poisoned darts
Armour
 a - a +2 robe (worn)
Jewellery
 o - a +6 ring of dexterity (left claw)
Wands
 n - a wand of polymorph (6)
 r - a wand of flame (17)
 u - a wand of iceblast (9)
 w - a wand of enslavement (10)
Scrolls
 d - 7 scrolls of remove curse {unknown}
 i - 2 scrolls of magic mapping {unknown}
 j - a scroll of fog {unknown}
 k - 4 scrolls of enchant armour {unknown}
 p - 2 scrolls of amnesia {unknown}
 v - 2 scrolls of noise {unknown}
 y - 2 scrolls of enchant weapon {unknown}
 A - a scroll of blinking {unknown}
 D - a scroll of fear {unknown}
Potions
 b - 6 potions of curing
 g - 3 potions of brilliance
 l - a potion of magic
 m - 2 potions of cancellation
 q - a potion of mutation
 z - a potion of flight {unknown}
 B - a potion of resistance


   Skills:
 - Level 5.0 Fighting
 + Level 4.8 Throwing
 + Level 4.9 Dodging
 + Level 6.2 Unarmed Combat
 + Level 1.9 Evocations


You had 7 spell levels left.
You didn't know any spells.
Your spell library was empty.

Dungeon Overview and Level Annotations

Branches:
Dungeon (6/15)
 Temple: D:4-7

Altars:
Ashenzari
Okawaru
Ru
Uskayaw
Vehumet
Xom
Yredelemnul


Innate Abilities, Weirdness & Mutations

You are too large for most types of armour.
You have claws for hands.
Your natural rate of healing is unusually fast.
You are covered in thick fur. (AC +2)
You have extremely tough skin. (AC +3)


Message History

Items here: ))) [ ÷÷÷.
Aiming: Polymorph
Press: ? - help, Shift-Dir - straight line, f - boulder beetle
Aim: a boulder beetle (will become an ice dragon, a fire dragon, or a bunyip, chance to affect: 33%)
The boulder beetle easily resists.
Aiming: Polymorph
Press: ? - help, Shift-Dir - straight line, f/p - boulder beetle
Aim: a boulder beetle (will become an ice dragon, a fire dragon, or a bunyip, chance to affect: 33%)
The boulder beetle evaporates and reforms as an ice dragon!
The ice dragon bites you! The ice dragon claws you!
* * * LOW HITPOINT WARNING * * *
The ice dragon tramples you but does no damage.
You swap places.
Your white imp barely misses the ice dragon.
The ice dragon breathes frost at you. The blast of cold hits your white imp.
Your white imp resists.
The blast of cold hits you!!
You die...
Xom thinks this is hilarious!

....# ....# ##..# ##..##
.....# ...#.## #..#..##
.#.....###############
..#...))........@5...#
###...###..#######D'####
#..#..###..###........##
#.###.####.##..........##
#.# #..# ###............#
#.# ##.# ##...[..........
##.# #.###...............
...# #.##.......†........
..## #..#.......†....$...


You could see an ice dragon (catching breath) and a friendly white imp
(summoned).

Vanquished Creatures
  Eustachio (D:6)
  3 phantoms
  2 ogres (D:6)
  2 centaurs (D:6)
  A scorpion (D:5)
  2 wights (D:6)
  A howler monkey (D:6)
  A hound (D:5)
  A jelly (D:6)
  2 orc wizards
  A centaur skeleton (D:5)
  3 orc priests
  3 iguanas
  Ijyb (D:3)
  3 worker ants (D:4)
  A hound zombie (D:6)
  A hound skeleton (D:6)
  A howler monkey zombie (D:6)
  4 gnolls (D:4)
  A howler monkey skeleton (D:5)
  9 adders
  A white imp (D:5)
  An ufetubus (D:5)
  2 oozes
  3 adder skeletons
  3 worms (D:2)
  A dart slug (D:4)
  4 leopard geckos
  9 orcs
  4 giant cockroaches
  12 hobgoblins
  11 jackals
  5 quokkas
  A ball python skeleton (D:5)
  6 bats
  4 frilled lizards
  A giant cockroach zombie (D:5)
  3 goblins
  2 jackal zombies (D:5)
  8 kobolds
  A quokka zombie (D:5)
  6 rats
132 creatures vanquished.

Vanquished Creatures (collateral kills)
  An orc warrior (D:4)
  2 wights (D:6)
  2 orc wizards (D:4)
  2 orcs (D:4)
7 creatures vanquished.

Vanquished Creatures (others)
  An orc (D:4)
  A ball python (D:6)
2 creatures vanquished.

Grand Total: 141 creatures vanquished

Notes
Turn   | Place    | Note
-------+----------+-------------------------------------------
     0 | D:1      | Descartes the Troll Chaos Knight began the quest for the
                  | Orb.
     0 | D:1      | Reached XP level 1. HP: 22/22 MP: 0/0
   202 | D:1      | Reached XP level 2. HP: 29/29 MP: 1/1
   249 | D:1      | XOM: divination: magic mapping
   569 | D:1      | XOM: blink monster(s)
   571 | D:1      | Reached skill level 1 in Throwing
   722 | D:2      | Reached XP level 3. HP: 34/36 MP: 2/2
   732 | D:2      | Found a sacrificial altar of Ru.
   897 | D:2      | Found a hide-covered altar of Uskayaw.
   897 | D:2      | Found a radiant altar of Vehumet.
   898 | D:2      | Found a basalt altar of Yredelemnul.
   900 | D:2      | Found a broken altar of Ashenzari.
   979 | D:2      | XOM: god gift: inky potion {god gift}
  1037 | D:2      | Reached XP level 4. HP: 16/44 MP: 3/3
  1423 | D:2      | XOM is BORED!
  1529 | D:3      | XOM: noise
  1799 | D:3      | Found a shimmering altar of Xom.
  2261 | D:3      | Found an iron altar of Okawaru.
  2296 | D:3      | Noticed Ijyb
  2299 | D:3      | XOM: fog
  2302 | D:3      | Killed Ijyb
  2303 | D:3      | Reached XP level 5. HP: 33/53 MP: 4/4
  2498 | D:3      | XOM: scenery: 1 doors open, 1 doors close
  2580 | D:4      | Noticed a phantom
  2580 | D:4      | XOM: destruction
  2584 | D:4      | XOM: scenery: create altars
  2589 | D:4      | XOM: destruction
  2603 | D:4      | Killed a phantom
  2604 | D:4      | Reached skill level 4 in Unarmed Combat
  2613 | D:4      | Reached XP level 6. HP: 58/61 MP: 5/5
  2621 | D:4      | XOM: fog
  2782 | D:4      | XOM: silly message
  2933 | D:4      | Noticed an orc warrior
  2946 | D:4      | Killed an orc warrior
  2947 | D:4      | Reached XP level 7. HP: 36/68 MP: 6/6
  3156 | D:5      | Entered Level 5 of the Dungeon
  3219 | D:5      | Reached skill level 5 in Unarmed Combat
  3430 | D:5      | XOM: cloud trail
  3728 | D:6      | Noticed Eustachio
  3737 | D:6      | Killed Eustachio
  3745 | D:6      | XOM: scenery: summon butterflies
  3759 | D:6      | XOM: summons friendly white imp
  3760 | D:6      | XOM: give mutation
  3760 | D:6      | Gained mutation: You are covered in thick fur. (AC +2)
                  | [Xom's grace]
  3767 | D:6      | XOM: scenery: create altars
  3779 | D:6      | Reached XP level 8. HP: 67/79 MP: 7/7
  3779 | D:6      | XOM: polymorph butterfly -> swamp drake
  3792 | D:6      | XOM: cast spell 'Olgreb's Toxic Radiance'
  4004 | D:6      | Reached skill level 1 in Evocations
  4033 | D:6      | XOM: enchant monster (good)
  4158 | D:6      | Reached skill level 5 in Fighting
  4158 | D:6      | Reached skill level 6 in Unarmed Combat
  4228 | D:6      | XOM: confuse monster(s)
  4372 | D:6      | Noticed a boulder beetle
  4377 | D:6      | XOM: swap monsters
  4381 | D:6      | XOM: enchant monster (good)
  4408 | D:6      | XOM: silly message
  4415 | D:6      | HP: 1/80 [boulder beetle (14)]
  4419 | D:6      | XOM: summons friendly white imp
  4479 | D:6      | Noticed an ice dragon
  4479 | D:6      | a boulder beetle changed into an ice dragon
  4480 | D:6      | Killed from afar by an ice dragon

Illustrated notes

Levels and vault maps discovered:
D:1:      minmay_arrival_checkered_box, layout_basic
D:2:      layout_loops_ring, nicolae_ru_sacrificial_ziggurat,
          grunt_temple_overflow_open, minmay_misc_feat_four_crosses,
          kennysheep_generic_room_6
D:3:      kb_forest_paths, layout_loops_corners, xom_teletrap_fun,
          okawaru_trees_2, uniq_ijyb
D:4:      layout_cave_pools
D:5:      layout_cave_pools
D:6:      kennysheep_big_flooded_room, layout_rooms, serial_curves,
          eino_curves_02, eino_curves_02, hangedman_decor_peaks_small,
          minivault_26, minivault_27, uniq_eustachio, uniq_crazy_yiuf_cottage

Skill      XL: |  1  2  3  4  5  6  7  8 |
---------------+-------------------------+-----
Dodging        | 2 3 4 |  4.9
Throwing       | 1 2 3 4 |  4.8
Fighting       | 3 4 5 |  5.0
Unarmed Combat | 4 5 6 |  6.2
Evocations     | 1 |  1.9

Action                   |  1- 3 |  4- 6 |  7- 9 || total
-------------------------+-------+-------+-------++-------
Melee: Unarmed           |    97 |   136 |   179 ||   412
       Punch             |       |     1 |     8 ||     9
Evoke: Wand              |       |       |     2 ||     2
  Use: Scroll            |       |       |     9 ||     9
       Potion            |       |       |     5 ||     5
 Stab: Sleeping          |     1 |       |     1 ||     2
Armor: Robe              |    54 |    38 |    47 ||   139
Dodge: Dodged            |    67 |    54 |    72 ||   193
